 Dungeon Crawl Stone Soup version 0.25-a0-435-g4b9beb1024 (webtiles) character file.

Game seed: 17956023614608542695, levelgen mode: deterministic

4204 Archen the Severer (level 10, 0/77 HPs)
             Began as a Minotaur Berserker on Jan 29, 2020.
             Was a High Priest of Trog.
             Slain by a killer bee (3 damage)
             ... on level 8 of the Dungeon.
             The game lasted 00:17:47 (6285 turns).

Archen the Severer (Minotaur Berserker)             Turns: 6285, Time: 00:17:48

Health: 0/77       AC: 15    Str: 24    XL:     10   Next: 8%
Magic:  9/9        EV:  7    Int:  4    God:    Trog [*****.]
Gold:   452        SH:  0    Dex: 11    Spells: 9/9 levels left

rFire    . . .     SeeInvis .   F - +2 broad axe
rCold    . . .     Gourm    .   (no shield)
rNeg     . . .     Faith    .   y - +0 plate armour
rPois    +         Spirit   .   (helmet restricted)
rElec    .         Reflect  .   B - +1 cloak
rCorr    .         Harm     +   p - +1 pair of gloves
MR       ++...                  (no boots)
Stlth    ..........             h - amulet of harm
HPRegen  1.22/turn              I - ring of poison resistance
MPRegen  0.11/turn              (no ring)

@: lethally poisoned (0 -> 0), very slightly contaminated, regenerating
(expiring), studying Fire Magic
A: retaliatory headbutt, horns 2
a: Berserk, Trog's Hand, Brothers in Arms, Renounce Religion


You were on level 8 of the Dungeon.
You worshipped Trog.
Trog was extremely pleased with you.
You were not hungry.

You visited 1 branch of the dungeon, and saw 8 of its levels.

You collected 452 gold pieces.

Inventory:

Hand Weapons
 a - a +0 hand axe
 v - a +0 battleaxe
 F - a +2 broad axe (weapon)
Armour
 p - a +1 pair of gloves (worn)
 y - a +0 plate armour (worn)
 B - a +1 cloak (worn)
Jewellery
 h - an amulet of harm (around neck)
 j - the ring of the Solstice {Str+4 Stlth+}
   (You took it off a gnoll on level 7 of the Dungeon)

   [ring of stealth]

   It affects your strength (+4).
   It makes you more stealthy.
 k - an uncursed ring of teleportation
 I - a ring of poison resistance (left hand)
 L - the cursed ring of the Lobster {rC+ EV-2 Str+6}
   (You took it off a gnoll sergeant on level 7 of the Dungeon)

   [ring of evasion]

   It affects your evasion (-2).
   It affects your strength (+6).
   It protects you from cold.
   It has a curse placed upon it.
Wands
 m - a wand of flame (37)
 A - a wand of digging (4)
 E - a wand of iceblast (10)
 G - a wand of paralysis (4)
Scrolls
 b - a scroll of noise
 d - a scroll of brand weapon
 e - 3 scrolls of enchant armour
 i - 3 scrolls of remove curse
 l - a scroll of fear
 r - a scroll of teleportation
 s - a scroll of fog
 w - 4 scrolls of enchant weapon
 x - a scroll of amnesia {unknown}
 C - a scroll of random uselessness {unknown}
 K - a scroll of identify
Potions
 f - 2 potions of curing {unknown}
 g - a potion of invisibility {unknown}
 o - 5 potions of flight
 q - a potion of cancellation {unknown}
 t - 2 potions of degeneration {unknown}
 u - a potion of berserk rage {unknown}
 z - a potion of ambrosia {unknown}
 D - 2 potions of haste {unknown}
 H - a potion of brilliance {unknown}
Books
 M - a manual of Fire Magic
Comestibles
 c - 10 rations
 J - 5 chunks of flesh


   Skills:
 - Level 3.6 Fighting
 + Level 16.5 Axes
 - Level 2.4 Armour
 - Level 2.1 Dodging


You had 9 spell levels left.
You didn't know any spells.
Your spell library was empty.

Dungeon Overview and Level Annotations

Branches:
Dungeon (8/15)             Temple (0/1) D:7
   Lair: D:8-11

Altars:
Cheibriados
Fedhas
Gozag
Kikubaaqudgha
Sif Muna
Wu Jian
Xom
Yredelemnul
Zin
The Shining One

Annotations:
D:8 Gastronok


Innate Abilities, Weirdness & Mutations

You reflexively headbutt those who attack you in melee.
You have a pair of horns on your head.


Message History

The killer bee stings you but does no damage.
A queen bee comes into view.
An orc comes into view.
It is wielding a +0 morningstar of flaming.
The killer bee closely misses you.
Blink to where?
Press: ? - help, Dir - move target cursor You are very lightly contaminated with residual magic.
As you read the scroll of blinking, it crumbles to dust.
An orc, an orc priest and an orc wizard come into view.
You feel sick.
The orc shouts!
The orc wizard shouts!
The orc priest shouts!
The orc wizard gestures at you while chanting.
The puff of frost hits you but does no damage.
You feel sick.
Gastronok the Ponderous comes into view.
You feel sick.
Gastronok gurgles horribly!
You feel the effects of Trog's Hand fading.
You feel sick. The killer bee stings you.
You die...

........†......
.....(....))....#
.........†.†.o.##.
.......##.........
...........####.
..........#
##.....<.##
##..y.....#
#...@....##
.......##.....$#
..#.... #......#
...#...........w..
.. #.#...#........
....##......... oo
.. #........
..o..# .........
.. .......


You could see Gastronok, a killer bee and an orc.

Vanquished Creatures
  The ghost of sevvi the Cleaver, a novice MiBe of Trog (D:7)
  Prince Ribbit (D:7)
  Sigmund (D:6)
  Menkaure (D:5)
  A sky beast (D:3)
  An orc warrior (D:6)
  2 ice beasts
  A phantom (D:4)
  2 centaurs (D:7)
  A bullfrog (D:7)
  2 gnoll sergeants (D:7)
  A wyvern zombie (D:7)
  2 scorpions
  A water moccasin zombie (D:7)
  14 killer bees (D:8)
  2 howler monkeys
  4 electric eels (D:7)
  4 crimson imps
  A bullfrog zombie (D:7)
  4 hounds
  3 orc priests
  2 bullfrog skeletons
  A centaur skeleton (D:6)
  Crazy Yiuf (D:4)
  A gnoll shaman (D:7)
  Jessica (D:2)
  An iguana (D:4)
  8 orc wizards
  8 worker ants
  A hound zombie (D:7)
  A howler monkey zombie (D:7)
  Robin (D:4)
  6 gnolls (D:7)
  8 adders
  A shadow imp (D:6)
  2 oozes (D:1)
  2 worms
  4 leopard geckos
  28 orcs
  7 giant cockroaches
  14 hobgoblins
  10 jackals
  A quokka (D:3)
  3 ball pythons
  A ball python zombie (D:6)
  9 bats
  4 frilled lizards
  17 goblins
  6 kobolds
  A leopard gecko skeleton (D:6)
  6 rats
  A plant (D:7)
207 creatures vanquished.

Vanquished Creatures (others)
  5 plants (D:7)
5 creatures vanquished.

Grand Total: 212 creatures vanquished

Notes
Turn   | Place    | Note
-------+----------+-------------------------------------------
     0 | D:1      | Archen the Minotaur Berserker began the quest for the Orb.
     0 | D:1      | Reached XP level 1. HP: 19/19 MP: 0/0
    81 | D:1      | Reached skill level 4 in Axes
    91 | D:1      | Reached XP level 2. HP: 21/26 MP: 1/1
   314 | D:1      | Reached skill level 5 in Axes
   359 | D:1      | Reached ** piety under Trog
   425 | D:1      | Reached XP level 3. HP: 31/31 MP: 2/2
   793 | D:2      | Noticed Jessica
   797 | D:2      | Killed Jessica
   797 | D:2      | Reached skill level 6 in Axes
   797 | D:2      | Reached XP level 4. HP: 23/39 MP: 3/3
   831 | D:2      | Found an ornate altar of the Wu Jian Council.
   831 | D:2      | Found an ancient bone altar of Kikubaaqudgha.
   833 | D:2      | Found a shimmering blue altar of Sif Muna.
   834 | D:2      | Found a shimmering altar of Xom.
   834 | D:2      | Found a glowing golden altar of the Shining One.
   835 | D:2      | Found a snail-covered altar of Cheibriados.
   835 | D:2      | Found a basalt altar of Yredelemnul.
   835 | D:2      | Found a blossoming altar of Fedhas.
  1691 | D:3      | Reached *** piety under Trog
  1751 | D:3      | Found an opulent altar of Gozag.
  1751 | D:3      | Found a glowing silver altar of Zin.
  1810 | D:3      | Reached skill level 7 in Axes
  1810 | D:3      | Reached XP level 5. HP: 23/45 MP: 4/4
  2065 | D:3      | Noticed a sky beast
  2087 | D:3      | Killed a sky beast
  2087 | D:3      | Reached skill level 8 in Axes
  2087 | D:3      | Reached XP level 6. HP: 47/51 MP: 5/5
  2730 | D:4      | Reached skill level 9 in Axes
  2927 | D:4      | Noticed Robin
  2938 | D:4      | Killed Robin
  2938 | D:4      | Reached XP level 7. HP: 57/57 MP: 6/6
  2941 | D:4      | Reached **** piety under Trog
  3091 | D:4      | Reached skill level 10 in Axes
  3149 | D:4      | Found a runed translucent door.
  3150 | D:4      | Noticed Crazy Yiuf
  3158 | D:4      | Killed Crazy Yiuf
  3396 | D:5      | Entered Level 5 of the Dungeon
  3420 | D:5      | Noticed Menkaure
  3431 | D:5      | Killed Menkaure
  3431 | D:5      | Reached skill level 11 in Axes
  4454 | D:6      | Reached XP level 8. HP: 64/64 MP: 7/7
  4462 | D:6      | Noticed Sigmund
  4478 | D:6      | Reached skill level 12 in Axes
  4483 | D:6      | Killed Sigmund
  4971 | D:6      | Reached skill level 13 in Axes
  5252 | D:7      | Reached ***** piety under Trog
  5252 | D:7      | Received a gift from Trog
  5297 | D:7      | Found a staircase to the Ecumenical Temple.
  5361 | D:7      | Reached XP level 9. HP: 70/70 MP: 8/8
  5369 | D:7      | Reached skill level 14 in Axes
  5614 | D:7      | Noticed sevvi's ghost (novice MiBe)
  5617 | D:7      | Identified the ring of the Solstice {Str+4 Stlth+}
  5678 | D:7      | Found a transporter.
  5679 | D:7      | Found a transporter.
  5680 | D:7      | Identified the cursed ring of the Lobster {rC+ EV-2 Str+6}
  5734 | D:7      | Noticed Prince Ribbit
  5747 | D:7      | Killed Prince Ribbit
  5954 | D:7      | Reached skill level 15 in Axes
  6085 | D:7      | Killed sevvi's ghost
  6088 | D:7      | Reached skill level 16 in Axes
  6261 | D:8      | Reached XP level 10. HP: 48/77 MP: 9/9
  6278 | D:8      | HP: 2/77 [killer bee (2)]
  6281 | D:8      | Received a gift from Trog
  6283 | D:8      | HP: 3/77 [poisoned by a killer bee]
  6284 | D:8      | Noticed Gastronok
  6285 | D:8      | Slain by a killer bee

Levels and vault maps discovered:
D:1:      dpeg_arrival_round_b, layout_loops_cross,
          ebering_dispersal_statue_hall
D:2:      layout_rooms, grunt_temple_overflow_open, uniq_jessica
D:3:      layout_basic, grunt_temple_overflow_gold_and_silver, nrook_mini_vaults
D:4:      layout_loops_ring, uniq_robin, uniq_crazy_yiuf_cottage
D:5:      layout_basic, first_ration, uniq_menkaure
D:6:      layout_gridville, uniq_sigmund
D:7:      layout_rooms, temple_statues, gammafunk_ghost_gnarly_gnolls,
          serial_bayou_lake_a, uniq_prince_ribbit1
D:8:      layout_cave_pools, david_nohive_1, uniq_gastronok

Skill      XL: |  1  2  3  4  5  6  7  8  9 |
---------------+----------------------------+-----
Axes           | 4 5 6 7 8 9 11 13 16 | 16.5
Fighting       | |  3.6
Armour         | |  2.4
Dodging        | |  2.1

Action                   |  1- 3 |  4- 6 |  7- 9 | 10-12 || total
-------------------------+-------+-------+-------+-------++-------
Melee: Hand axe          |    74 |   158 |   104 |       ||   336
       Headbutt          |     8 |    23 |    40 |     1 ||    72
       Battleaxe         |       |       |    57 |       ||    57
       Broad axe         |       |       |   105 |    17 ||   122
Invok: Berserk           |       |     1 |     3 |       ||     4
       Trog's Hand       |       |       |       |     1 ||     1
  Use: Scroll            |       |     2 |     7 |     1 ||    10
       Potion            |       |     1 |       |       ||     1
 Stab: Distracted        |       |     1 |       |       ||     1
  Eat: Chunk             |       |     7 |    14 |     1 ||    22
Armor: Animal skin       |    10 |       |       |       ||    10
       Scale mail        |    16 |    52 |       |       ||    68
       Plate armour      |       |       |   168 |    24 ||   192
Dodge: Dodged            |    47 |    89 |    82 |    16 ||   234

Table legend:
 A = Non-vault XP
 B = Vault XP
 C = Vault XP percentage of total XP
 D = Non-vault monster count
 E = Vault monster count
 F = Vault count percentage of total count
                 A         B        C        D         E       F
            +---------+---------+-------+---------+---------+-------
      Total |    3266 |    2741 |  45.6 |     165 |      41 |  19.9
            +---------+---------+-------+---------+---------+-------
        D:1 |      57 |       0 |   0.0 |      28 |       0 |   0.0
        D:2 |      35 |      37 |  51.4 |      14 |       1 |   6.7
        D:3 |     337 |       0 |   0.0 |      29 |       0 |   0.0
        D:4 |     502 |      76 |  13.1 |      17 |      13 |  43.3
        D:5 |     210 |     169 |  44.6 |       9 |       1 |  10.0
        D:6 |     675 |     223 |  24.8 |      19 |       1 |   5.0
        D:7 |    1396 |    1377 |  49.7 |      46 |      11 |  19.3
        D:8 |      54 |     859 |  94.1 |       3 |      14 |  82.4
            +---------+---------+-------+---------+---------+-------
